 Dungeon Crawl Stone Soup version 0.27-a0-29-g2d0a2396b0 (webtiles) character file.

Game seed: 14578729127027788621

268 wakim the Ruffian (level 6, 0/61 HPs)
             Began as a Troll Monk on Jan 3, 2021.
             Slain by an ogre
             ... wielding a +0 giant club
              (17 damage)
             ... on level 3 of the Dungeon.
             The game lasted 00:08:59 (1990 turns).

wakim the Ruffian (Troll Monk)                      Turns: 1990, Time: 00:09:00

Health: 0/61       AC:  6    Str: 28    XL:     6   Next: 0%
Magic:  5/5        EV: 11    Int:  6    God:
Gold:   152        SH:  0    Dex: 12    Spells: 5/5 levels left

rFire    x . .     SeeInvis .     - Unarmed
rCold    + . .     Faith    .   (no shield)
rNeg     . . .     Spirit   .   g - +0 robe
rPois    .         Reflect  .   (helmet restricted)
rElec    .         Harm     .   (no cloak)
rCorr    .         Rampage  .   (gloves unavailable)
Will     .....                  (boots unavailable)
Stlth    ++........             (no amulet)
HPRegen  0.60/turn              k - +6 ring of strength
MPRegen  0.09/turn              f - ring of ice

@: no status effects
A: large, unfitting armour, claws 3, regeneration 1, shaggy fur 1, tough skin 3
a: no special abilities


You were on level 3 of the Dungeon.
You visited 1 branch of the dungeon, and saw 4 of its levels.

You collected 152 gold pieces.

Inventory:

Missiles
 b - 4 javelins (quivered)
Armour
 g - a +0 robe (worn)
Jewellery
 f - a ring of ice (right claw)
 k - a +6 ring of strength (left claw)
Scrolls
 a - a scroll of remove curse
 c - a scroll of blinking
 h - 2 scrolls of amnesia
 j - a scroll of identify
 l - a scroll of teleportation
Potions
 d - 2 potions of heal wounds {unknown}
 e - a potion of cancellation {unknown}
 i - 4 potions of curing


   Skills:
 + Level 3.1 Fighting
 + Level 1.2 Throwing
 + Level 3.1 Dodging
 - Level 1.8 Stealth
 * Level 4.7 Unarmed Combat


You had 5 spell levels left.
You didn't know any spells.
Your spell library was empty.

Dungeon Overview and Level Annotations

Branches:
Dungeon (4/15)
 Temple: D:4-7

Altars:
Okawaru
Qazlal
Vehumet


Innate Abilities, Weirdness & Mutations

You are too large for most types of armour.
You have claws for hands.
Your natural rate of healing is unusually fast.
You are covered in fur. (AC +1)
You have extremely tough skin. (AC +3)


Message History

You scratch the ogre.
The ogre is severely wounded.
You barely miss the ogre.
The ogre is severely wounded.
The orc closely misses you. The ogre hits you with a +0 giant club!
A dart slug comes into view.
You barely miss the ogre.
The ogre is severely wounded.
The orc barely misses you. The ogre hits you with a +0 giant club!
You barely miss the ogre.
The ogre is severely wounded.
The orc hits you with a cursed -3 hand axe.
The ogre hits you with a +0 giant club!!
* * * LOW HITPOINT WARNING * * *
You climb upwards.
There is a stone staircase leading down here.
You barely miss the ogre.
The ogre is severely wounded.
The ogre hits you with a +0 giant club!
You die...

########## #........#
############
##.#####.#####..........#
#### #.# ##................#
#...
#.####.....##..........###...
#....'......@O.......!.......
######.....o...........###...
####'##.......##### #...
#.##......########...
#####+##......###........
#.....>.....รท.'.'........
#........)....###........
#......<......# #........
#####'##......# #........


You could see an ogre and an orc.

Vanquished Creatures
  A centaur (D:3)
  An orc priest (D:3)
  Robin (D:2)
  6 adders
  An ooze (D:3)
  An adder skeleton (D:3)
  2 worms (D:2)
  A leopard gecko (D:2)
  4 orcs
  2 giant cockroaches (D:2)
  16 goblins
  9 hobgoblins
  7 jackals
  A quokka (D:2)
  6 bats
  5 frilled lizards
  4 kobolds
  7 rats
75 creatures vanquished.

Vanquished Creatures (others)
  A kobold (D:2)
1 creature vanquished.

Grand Total: 76 creatures vanquished

Notes
Turn   | Place    | Note
-------+----------+-------------------------------------------
     0 | D:1      | wakim the Troll Monk began the quest for the Orb.
     0 | D:1      | Reached XP level 1. HP: 22/22 MP: 0/0
   388 | D:2      | Reached XP level 2. HP: 27/29 MP: 1/1
   465 | D:2      | Reached XP level 3. HP: 11/36 MP: 2/2
   633 | D:2      | Found a radiant altar of Vehumet.
   726 | D:2      | Noticed Robin
   750 | D:2      | Killed Robin
   751 | D:2      | Reached XP level 4. HP: 37/44 MP: 3/3
   927 | D:2      | Reached skill level 4 in Unarmed Combat
  1264 | D:3      | Noticed a centaur
  1293 | D:3      | Reached XP level 5. HP: 31/53 MP: 4/4
  1392 | D:3      | Killed a centaur
  1393 | D:3      | Reached skill level 1 in Throwing
  1709 | D:3      | Found a stormy altar of Qazlal.
  1776 | D:3      | Reached XP level 6. HP: 61/61 MP: 5/5
  1776 | D:3      | Found an iron altar of Okawaru.
  1990 | D:3      | Slain by an ogre

Illustrated notes

Levels and vault maps discovered:
D:1:      dpeg_arrival_long_road, layout_rooms
D:2:      minmay_wonky_spiral, layout_rooms, fiery_altar_vehumet, uniq_robin
D:3:      layout_basic, grunt_qazlal_clouds, okawaru_gym_becter
D:4:      layout_basic

Skill      XL: |  1  2  3  4  5 |
---------------+----------------+-----
Unarmed Combat | 4 |  4.7
Fighting       | 3 |  3.1
Dodging        | 3 |  3.1
Throwing       | 1 |  1.2
Stealth        | |  1.8

Action                   |  1- 3 |  4- 6 || total
-------------------------+-------+-------++-------
Melee: Unarmed           |    83 |    92 ||   175
       Punch             |     3 |     2 ||     5
  Use: Scroll            |     7 |     3 ||    10
       Potion            |     1 |     1 ||     2
 Stab: Sleeping          |     1 |     4 ||     5
Armor: Robe              |    21 |    28 ||    49
Dodge: Dodged            |    46 |    46 ||    92

Table legend: (Time is in decaauts)
 A = Elapsed time spent in this place.
 B = Non-inter-level travel time spent in this place.
 C = Inter-level travel time spent in this place.
 D = Time resting spent in this place.
 E = Time spent auto-exploring this place.
 F = Levels seen in this place.
 G = Mean time per level.
                   A        B        C        D        E       F      G
               +--------+--------+--------+--------+--------+-----+--------+
         Total |   1977 |   1962 |     15 |    264 |   1175 |   4 |  494.2 |
       Dungeon |   1977 |   1962 |     15 |    264 |   1175 |   4 |  494.2 |
               +--------+--------+--------+--------+--------+-----+--------+

Top non-repeatable levels by time:
     D:2: 971 daAuts
     D:3: 626 daAuts
     D:1: 369 daAuts
     D:4: 10 daAuts
